 Dungeon Crawl Stone Soup version 0.17-a0-2215-g49c1de0 (console) character file.

109 Kellhus the Slasher (level 4, -1/35 HPs)
             Began as a Mummy Chaos Knight on Oct 27, 2015.
             Splashed by a jelly's acid (6 damage)
             ... on level 2 of the Dungeon.
             The game lasted 00:02:00 (1337 turns).

Kellhus the Slasher (Mummy Chaos Knight)            Turns: 1337, Time: 00:02:01

Health: -1/35      AC:  0    Str: 16    XL:     4   Next: 59%
Magic:  4/4        EV: 11    Int: 11    God:    Xom [...*..]
Gold:   134        SH:  0    Dex: 11    Spells: 0 memorised, 3 levels left

rFire  x . .     SeeInvis .     a - +0 falchion (chaos)
rCold  + . .     Clarity  .     b - +2 leather armour
rNeg   + + +     SustAt   .     (no shield)
rPois  ∞         Gourm    .     (no helmet)
rElec  .         Spirit   .     (no cloak)
rCorr  .         Warding  .     k - +1 pair of gloves
rMut   .         Stasis   .     (no boots)
MR     .....                    (no amulet)
Stlth  +.........               (no ring)
                                (no ring)

@: corroded equipment, not resistant to hostile enchantments, very unstealthy
A: no food or potions, fire vulnerability, cold resistance 1, negative energy
resistance 3, torment resistance, unbreathing
a: Renounce Religion


You were on level 2 of the Dungeon.
You worshipped Xom.
You were a favourite toy of Xom.
You were not hungry.

You visited 1 branch of the dungeon, and saw 3 of its levels.

You collected 134 gold pieces.

Inventory:

Hand Weapons
 a - a +0 falchion of chaos (weapon)
Armour
 b - a +2 leather armour (worn)
 j - a cursed +0 leather armour
 k - a +1 pair of gloves (worn)
Scrolls
 c - a scroll of fear {unknown}
 d - 2 scrolls of noise {unknown}
 e - 3 scrolls of identify {unknown}
 f - a scroll of magic mapping {unknown}
 g - a scroll of recharging {unknown}
 h - a scroll of fog {unknown}
 i - 3 scrolls of teleportation {unknown}


   Skills:
 - Level 3.0 Fighting
 + Level 4.4 Long Blades
 - Level 1.5 Armour
 - Level 0.7 Dodging


You had 3 spell levels left.
You didn't know any spells.

Dungeon Overview and Level Annotations

Branches:
Dungeon (3/15)

Altars:


Innate Abilities, Weirdness & Mutations

You do not eat or drink.
Your flesh is vulnerable to fire.
You are immune to poison.
Your flesh is cold resistant.
You are immune to negative energy.
You are immune to unholy pain and torment.
You can survive without breathing.


Message History

The gnoll evaporates and reforms as a jelly!
Xom is highly amused!
Your hands burn!
* * * LOW HITPOINT WARNING * * *
The jelly is lightly wounded.
The jelly hits you but does no damage.
You hit the jelly.
You heal the jelly.
The jelly is completely healed.
Xom is highly amused!
The acid corrodes you!
Your hands burn!
* * * LOW HITPOINT WARNING * * *
The jelly barely misses you.
You completely miss the jelly. The jelly closely misses you.
You hit the jelly.
You heal the jelly.
The jelly is completely healed.
Your hands burn!
* * * LOW HITPOINT WARNING * * *
The jelly hits you.
* * * LOW HITPOINT WARNING * * *
You are splashed with acid!
The acid corrodes you!
The acid burns!
You die...
Xom roars with laughter!

# #.......##.# #.#.# ##... #
#####...##.######.#.######....
# #).!##.................... #
#...########....###....... #
#...# #.......# #.#####.
########.<.# #.##...####.# ##
...........# #.#.........#
########.#.## #.#.#.#####.#
#..#.## #@#.#.# #.#
##.###.###J#.#.# #.# #.##
##.>......#####.#
##.###.##...).....##.#
#..#.###.#.....#.##.#
######.#.####.#.......##.###
#........†....#b....#.#....#
#.#########.###..#.#.......#
#.# #.# #^.##........####


You could see a jelly.

Vanquished Creatures
  Jessica (D:2)
  A gnoll (D:2)
  2 adders (D:2)
  A worm (D:2)
  A giant gecko (D:2)
  8 bats
  10 goblins
  5 hobgoblins
  6 kobolds
  6 giant cockroaches
  3 giant newts
  3 rats
47 creatures vanquished.

Notes
Turn   | Place    | Note
--------------------------------------------------------------
     0 | D:1      | Kellhus the Mummy Chaos Knight began the quest for the Orb.
     0 | D:1      | Reached XP level 1. HP: 18/18 MP: 1/1
   227 | D:1      | XOM: harmless Pois miscast
   240 | D:1      | XOM: butterfly on damage
   242 | D:1      | Reached XP level 2. HP: 18/24 MP: 2/2
   467 | D:1      | XOM: divination: detect creatures
   580 | D:1      | Reached XP level 3. HP: 29/29 MP: 3/3
   762 | D:2      | Noticed Jessica
   769 | D:2      | Killed Jessica
   836 | D:2      | Reached skill level 4 in Long Blades
   836 | D:2      | Reached XP level 4. HP: 35/35 MP: 4/4
  1038 | D:2      | XOM: divination: detect items
  1323 | D:3      | XOM: harmless Erth miscast
  1326 | D:2      | XOM: butterfly on damage
  1337 | D:2      | Splashed by a jelly's acid

Vault maps used:
D:1:      saegor_arrival_simple_e
D:2:      uniq_jessica

Action                   |  1- 3 |  4- 6 || total
-------------------------+-------+-------++-------
Melee: Falchion          |    86 |    56 ||   142
 Stab: Paralysed         |     3 |       ||     3
